 Dungeon Crawl Stone Soup version 0.28-a0-998-gb9e9c7b67e (webtiles) character file.

Game seed: 1206090216123353208

32 Rothnd the Vexing (level 3, 0/24 HPs)
             Began as a Human Enchanter on Dec 6, 2021.
             Slain by a kobold (3 damage)
             ... on level 1 of the Dungeon.
             The game lasted 00:16:34 (856 turns).

Rothnd the Vexing (Human Enchanter)                  Turns: 856, Time: 00:16:35

Health: 0/24       AC:  2    Str:  8    XL:     3   Next: 42%
Magic:  6/6        EV: 12    Int: 17    God:
Gold:   64         SH:  0    Dex: 13    Spells: 3/6 levels left

rFire   . . .      SeeInvis .   a - +1 dagger
rCold   . . .      Faith    .   (no shield)
rNeg    . . .      Spirit   .   b - +0 robe
rPois   .          Reflect  .   (no helmet)
rElec   .          Harm     .   (no cloak)
rCorr   .          Rampage  .   (no gloves)
Will    .....                   (no boots)
Stlth   ++........              (no amulet)
HPRegen 0.08/turn               (no ring)
MPRegen 0.10/turn               (no ring)

@: no status effects
A: no striking features
a: no special abilities


You were on level 1 of the Dungeon.
You visited 1 branch of the dungeon, and saw 1 of its levels.

You collected 64 gold pieces.

Inventory:

Hand Weapons
 a - a +1 dagger (weapon)
 e - a +0 short sword
 k - a +0 hunting sling
Missiles
 d - 21 sling bullets
 f - 22 stones (quivered)
 i - 27 arrows
Armour
 b - a +0 robe (worn)
 j - a +0 ring mail
Potions
 c - a potion of invisibility
 g - a potion of degeneration {unknown}
 h - 2 potions of curing {unknown}


   Skills:
 * Level 1.5 Short Blades
 + Level 2.0 Dodging
 + Level 3.4 Stealth
 + Level 2.2 Spellcasting
 + Level 3.4 Hexes


You had 3 spell levels left.
You knew the following spells:

 Your Spells              Type           Power      Damage    Failure   Level
a - Ensorcelled Hibernat  Hex/Ice        14%        N/A       14%         2
b - Magic Dart            Conj           4%         1d3       19%         1

Your spell library contained the following spells:

 Spells                   Type           Power      Damage    Failure   Level
 Confusing Touch          Hex            13%        N/A       14%         3
 Tukima's Dance           Hex            13%        N/A       14%         3
 Searing Ray              Conj           2%         2d4       28%         2
 Sublimation of Blood     Necr           1%         N/A       28%         2
 Wereblood                Tmut           1%         N/A       28%         2
 Dazzling Flash           Conj/Hex       14%        N/A       28%         3
 Fulminant Prism          Conj/Hex       3%         3d6       67%         4
 Summon Hydra             Summ           0%         N/A       100%        7


Dungeon Overview and Level Annotations

Branches:
Dungeon (1/15)

Altars:


Message History

You completely miss the bat.
The bat is moderately wounded.
The bat closely misses you.
You barely miss the bat. The bat barely misses you. x2
You miss the bat. The bat misses you. The bat completely misses you.
You hit the bat.
The bat is moderately wounded.
The bat hits you. The bat hits you but does no damage.
You closely miss the bat. The bat hits you but does no damage.
The bat misses you.
You closely miss the bat. The bat hits you. x2
You hit the bat.
The bat is severely wounded.
The bat hits you.
* * * LOW HITPOINT WARNING * * *
The bat closely misses you.
You miss the bat.
The bat is severely wounded.
The bat closely misses you. The bat barely misses you.
The bat completely misses you.
You closely miss the bat.
The bat is moderately wounded.
The bat hits you but does no damage. The bat misses you.
You barely miss the bat.
The bat is moderately wounded.
The bat hits you.
* * * LOW HITPOINT WARNING * * *
The bat hits you but does no damage.
You hit the bat.
The bat is severely wounded.
The bat hits you.
* * * LOW HITPOINT WARNING * * *
You hit the bat.
You kill the bat!
The kobold hits you with a +0 short sword.
* * * LOW HITPOINT WARNING * * *
You see here a scroll labelled FAC VO CAOFFIU.
You barely miss the kobold.
The kobold hits you with a +0 short sword.
You die...

#####################
###...........>.......#
#............#####.##...
#.#.########## #.# #.#.#
############.##### #.#.#
#.B............... ..#.#
#K####.#####..#.## ###.# #@#
#.K.......... #########...#
#.####..#B##..#.##
#...........##..................
#.####.)..........##.##.#..#..##
#.###..##..#.##.##.#.##..#
##.###..##..#.#..# #. #..##
##...##..##..#.# #b #....
#..#.....##..# # # #.†.>
#....##..... #.###


You could see a giant cockroach and a kobold.

Vanquished Creatures
  2 dart slugs (D:1)
  An endoplasm (D:1)
  2 giant cockroaches (D:1)
  2 goblins (D:1)
  2 hobgoblins (D:1)
  A quokka (D:1)
  5 ball pythons (D:1)
  2 bats (D:1)
  2 frilled lizards (D:1)
  3 kobolds (D:1)
  7 rats (D:1)
29 creatures vanquished.

Notes
Turn   | Place    | Note
-------+----------+-------------------------------------------
     0 | D:1      | Rothnd the Human Enchanter began the quest for the Orb.
     0 | D:1      | Reached XP level 1. HP: 13/13 MP: 3/3
   298 | D:1      | Reached XP level 2. HP: 12/19 MP: 5/5
   317 | D:1      | Learned a level 2 spell: Ensorcelled Hibernation
   679 | D:1      | Reached XP level 3. HP: 19/24 MP: 6/6
   751 | D:1      | Learned a level 1 spell: Magic Dart
   856 | D:1      | Slain by a kobold

Illustrated notes

Levels and vault maps discovered:
D:1:      dpeg_arrival_ratfight, layout_loops_ring, minmay_hexomino_c4

Action                   || total
-------------------------++-------
Melee: Dagger            ||   108
 Fire: Hunting sling     ||     3
 Cast: Magic Dart        ||     1
 Stab: Sleeping          ||     6
Armor: Robe              ||    16
Dodge: Dodged            ||    51

Table legend: (Time is in decaauts)
 A = Elapsed time spent in this place.
 B = Non-inter-level travel time spent in this place.
 C = Inter-level travel time spent in this place.
 D = Time resting spent in this place.
 E = Time spent auto-exploring this place.
 F = Levels seen in this place.
 G = Mean time per level.
                   A        B        C        D        E       F      G
               +--------+--------+--------+--------+--------+-----+--------+
         Total |    849 |    845 |      4 |      0 |    304 |   1 |  849.0 |
       Dungeon |    849 |    845 |      4 |      0 |    304 |   1 |  849.0 |
               +--------+--------+--------+--------+--------+-----+--------+

Top non-repeatable levels by time:
     D:1: 849 daAuts
